 Dungeon Crawl Stone Soup version 0.31-a0-231-g51bb95cda3 (webtiles) character file.

Game seed: 14520623607805435790

4 qw the Shooter (level 1, -1/16 HPs)
             Began as a Minotaur Hexslinger on July 6, 2023.
             Slain by a kobold
             ... wielding a +0 club
              (4 damage)
             ... on level 1 of the Dungeon.
             The game lasted 00:00:06 (307 turns).

qw the Shooter (Minotaur Hexslinger)                 Turns: 307, Time: 00:00:07

Health: -1/16      AC:  2    Str: 12    XL:     1   Next: 58%
Magic:  1/1        EV: 12    Int: 10    God:
Gold:   8          SH:  0    Dex: 12    Spells: 1/2 levels left

rFire   . . .        a - +1 sling
rCold   . . .        (no shield)
rNeg    . . .        c - +0 robe
rPois   .            (helmet restricted)
rElec   .            (no cloak)
rCorr   .            (no gloves)
SInv    .            (no boots)
Will    .....        (no amulet)
Stlth   +            (no ring)
HPRegen 0.22/turn    (no ring)
MPRegen 0.07/turn

%: no passive effects
@: no status effects
A: horns 2, retaliatory headbutt
a: no special abilities


You were on level 1 of the Dungeon.
You visited 1 branch of the dungeon, and saw 1 of its levels.

You collected 8 gold pieces.


Innate Abilities, Weirdness & Mutations

You have a pair of horns on your head.
You reflexively headbutt those who attack you in melee.


   Skills:
 - Level 1.2 Fighting
 + Level 2.7 Ranged Weapons
 - Level 2.1 Dodging
 - Level 1.0 Spellcasting
 - Level 2.0 Hexes


You had one spell level left.
You knew the following spells:

 Your Spells              Type           Power      Damage    Failure   Level
a - Slow                  Hex            16%        N/A       16%         1

Your spell library contained the following spells:

 Spells                   Type           Power      Damage    Failure   Level
 Inner Flame              Hex/Fire       2%         N/A       56%         3
 Portal Projectile        Hex/Tloc       4%         N/A       56%         3
 Cause Fear               Hex            2%         N/A       83%         4

Inventory:

Hand Weapons
 a - a +1 sling (weapon)
Armour
 c - a +0 robe (worn)
Scrolls
 b - a scroll of poison
Potions
 d - a potion of resistance {unknown}

Dungeon Overview and Level Annotations

Branches:
Dungeon (1/15)

Altars:


Message History

You furiously retaliate!
You headbutt the giant cockroach.
You kill the giant cockroach!
You start resting.
HP restored.
You see here a giant cockroach corpse.
A kobold comes into view. It is wielding a +0 club.
Enter note: You shoot a sling bullet.
The sling bullet hits the kobold but does no damage.
The kobold shouts!
You shoot a sling bullet.
The sling bullet barely misses the kobold.
The kobold barely misses you.
You shoot a sling bullet.
The sling bullet barely misses the kobold.
The kobold closely misses you.
You shoot a sling bullet. The sling bullet hits the kobold.
The kobold is moderately wounded.
The kobold closely misses you. The kobold barely misses you.
You shoot a sling bullet.
The sling bullet barely misses the kobold.
The kobold hits you with a +0 club.
You shoot a sling bullet.
The sling bullet completely misses the kobold.
The kobold hits you with a +0 club.
You shoot a sling bullet.
The sling bullet closely misses the kobold.
The kobold barely misses you.
You shoot a sling bullet. The sling bullet misses the kobold.
The kobold hits you with a +0 club. x2
You shoot a sling bullet.
The sling bullet closely misses the kobold.
The kobold hits you with a +0 club.
You shoot a sling bullet.
The sling bullet closely misses the kobold.
The kobold hits you with a +0 club.
You shoot a sling bullet.
The sling bullet closely misses the kobold.
The kobold barely misses you. The kobold hits you with a +0 club.
You die...

#........#
#.###.##.# # #.##.#
#.##.# # ### #
#.##.# #.##.##[#
#.##.#
####.#...#.###.##.#
..................#
#....K@.#####.####
##...#.## #.# ##.
#.######.# #
#........#
##########


You could see a kobold.

Vanquished Creatures
  A giant cockroach (D:1)
  A goblin (D:1)
  A hobgoblin (D:1)
  A kobold (D:1)
4 creatures vanquished.

Notes
Turn   | Place    | Note
-------+----------+-------------------------------------------
     0 | D:1      | qw the Minotaur Hexslinger began the quest for the Orb.
     0 | D:1      | Reached XP level 1. HP: 16/16 MP: 1/1
     0 | D:1      | 0 ||| qw: Version: 0.3-a-46-gb1f654a
     0 | D:1      | 0 ||| qw: Game counter: 1859
     0 | D:1      | 0 ||| qw: Melee chars always use a shield: true
     0 | D:1      | 0 ||| qw: God list: Okawaru
     0 | D:1      | 0 ||| qw: Allow faded altars: false
     0 | D:1      | 0 ||| qw: Do Orc after clearing Dungeon:15 true
     0 | D:1      | 0 ||| qw: Do second Lair branch before Depths: true
     0 | D:1      | 0 ||| qw: Lair rune preference: random
     0 | D:1      | 0 ||| qw: Goals: Normal
     0 | D:1      | 0 ||| PLANNING D:1-11
   306 | D:1      | HP: 2/16 [kobold/+0 club (3)]
   307 | D:1      | Slain by a kobold

Levels and vault maps discovered:
D:1:      nzn_arrival_crosshair, layout_loops_corners, st_stairs_3,
          nicolae_figureground_pulse

Action                     || total
---------------------------++-------
   Fire: Sling             ||    38
  Dodge: Dodged            ||    20

Table legend:
 A = Non-vault XP
 B = Vault XP
 C = Vault XP percentage of total XP
 D = Non-vault monster count
 E = Vault monster count
 F = Vault count percentage of total count
                 A         B        C        D         E       F
            +---------+---------+-------+---------+---------+-------
      Total |       7 |       0 |   0.0 |       4 |       0 |   0.0
            +---------+---------+-------+---------+---------+-------
        D:1 |       7 |       0 |   0.0 |       4 |       0 |   0.0
            +---------+---------+-------+---------+---------+-------
